 Dungeon Crawl Stone Soup version 0.27.1-1-g398f81649c (webtiles) character file.

Game seed: 6546698905358306613

24 Descartes the Sneak (level 2, -1/16 HPs)
             Began as a Spriggan Delver on Sept 14, 2021.
             Killed from afar by a white imp (9 damage)
             ... with a puff of frost
             ... on level 4 of the Dungeon.
             The game lasted 00:00:37 (80 turns).

Descartes the Sneak (Spriggan Delver)                 Turns: 80, Time: 00:00:38

Health: -1/16      AC:  2    Str:  8    XL:     2   Next: 79%
Magic:  3/3        EV: 18    Int: 11    God:
Gold:   37         SH:  0    Dex: 16    Spells: 1/1 levels left

rFire    . . .     SeeInvis +   a - +0 short sword
rCold    . . .     Faith    .   (shield restricted)
rNeg     . . .     Spirit   .   b - +0 robe
rPois    .         Reflect  .   (helmet restricted)
rElec    .         Harm     .   (no cloak)
rCorr    .         Rampage  .   (gloves unavailable)
Will     .....                  (boots unavailable)
Stlth    ++++......             (no amulet)
HPRegen  0.05/turn              (no ring)
MPRegen  0.08/turn              (no ring)

@: very quick
A: very small, no large weapons, unfitting armour, see invisible, speed 3
a: no special abilities


You were on level 4 of the Dungeon.
You visited 1 branch of the dungeon, and saw 2 of its levels.

You collected 37 gold pieces.

Inventory:

Hand Weapons
 a - a +0 short sword (weapon)
Armour
 b - a +0 robe (worn)
Wands
 g - a wand of digging (3)
Scrolls
 c - a scroll of fog
 d - a scroll of magic mapping
 e - a scroll of fear
Potions
 f - a potion of haste


   Skills:
 + Level 2.6 Fighting
 + Level 2.6 Short Blades
 + Level 3.2 Dodging
 + Level 7.6 Stealth


You had one spell level left.
You didn't know any spells.
Your spell library was empty.

Dungeon Overview and Level Annotations

Branches:
Dungeon (5/15)
 Temple: D:4-7

Altars:


Innate Abilities, Weirdness & Mutations

You are very small and have problems with some larger weapons.
You are too small for most types of armour.
You have supernaturally acute eyesight. (SInv)
You cover ground extremely quickly. (Speed+++)


Message History

It is said that the Orb of Zot exists deep within this dungeon.
Press ? for a list of commands and other information.
Found a stone staircase leading down.
Found a stone staircase leading up.
Found 11 gold pieces.
An iguana comes into view.
Found a stone staircase leading down.
You see here 11 gold pieces.
The helpless iguana fails to defend itself.
You puncture the iguana!
You kill the iguana!
Your Dodging skill increases to level 3!
You have reached level 2!
You now have 11 gold pieces.
Found 12 gold pieces.
Found a stone staircase leading down.
A water moccasin skeleton comes into view.
You see here 12 gold pieces.
You now have 23 gold pieces (gained 12).
Found 14 gold pieces.
Found 25 arrows.
You now have 37 gold pieces (gained 14).
There is a stone staircase leading up here.
You climb upwards.
The kobold shouts!
There is a stone staircase leading down here.
A kobold and a white imp come into view.
The white imp shouts, "Capitulate, thou gorbellied tip-merry half-meal!"
The kobold shouts! x2
The white imp gestures at you. The puff of frost misses you.
The kobold misses you.
You barely miss the kobold. The white imp gestures at you.
The puff of frost hits you!
Ouch! That really hurt!
The kobold hits you but does no damage. The white imp gestures at you.
The puff of frost hits you!
Ouch! That really hurt!
You die...

#.#.# #.#.# ...#
#..# #..#######
#.>.......
#########.######.
..........#
#######@#.#####
...............
.......KK......
≈..≈.≈..K...≈..≈
≈≈≈≈≈≈....≈≈≈5≈≈
≈≈≈≈≈......≈≈≈≈≈
≈≈≈≈≈......≈≈≈≈≈
#######++######


You could see a white imp and 3 kobolds.

Vanquished Creatures
  An iguana (D:5)
1 creature vanquished.

Notes
Turn   | Place    | Note
-------+----------+-------------------------------------------
     0 | D:5      | Descartes the Spriggan Delver began the quest for the Orb.
     0 | D:5      | Reached XP level 1. HP: 11/11 MP: 2/2
    16 | D:5      | Noticed an iguana
    21 | D:5      | Killed an iguana
    22 | D:5      | Reached XP level 2. HP: 16/16 MP: 3/3
    80 | D:4      | Killed from afar by a white imp

Illustrated notes

Levels and vault maps discovered:
D:4:      minmay_goblin_kobold_castle, layout_basic
D:5:      layout_cave_pools, chequers_arboretum, hangedman_decor_opposing

Skill      XL: |  1 |
---------------+----+-----
Dodging        | 3 |  3.2
Fighting       | |  2.6
Short Blades   | |  2.6
Stealth        | |  7.6

Action                   || total
-------------------------++-------
Melee: Short sword       ||     2
 Stab: Sleeping          ||     1
Armor: Robe              ||     1
Dodge: Dodged            ||     2
